 Dungeon Crawl Stone Soup version 0.29-a0-598-gd8304a5bf4 (webtiles) character file.

Game seed: 13015651699435589191

17 vulpzor the Skirmisher (level 2, 0/24 HPs)
             Began as a Demonspawn Monk on June 15, 2022.
             Was a Believer of Kikubaaqudgha.
             Succumbed to an adder's poison
             ... on level 2 of the Dungeon on June 16, 2022.
             The game lasted 00:06:01 (1426 turns).

vulpzor the Skirmisher (Demonspawn Monk)            Turns: 1426, Time: 00:06:02

Health: 0/24       AC:  3    Str: 11    XL:     2   Next: 44%
Magic:  0/2        EV: 13    Int: 11    God:    Kikubaaqudgha [**....]
Gold:   46         SH:  0    Dex: 15    Spells: 0/1 levels left

rFire   . . .      SeeInvis .   a - +0 mace
rCold   . . .      Faith    .   (no shield)
rNeg    . . .      Spirit   .   b - +0 robe
rPois   .          Reflect  .   (no helmet)
rElec   .          Harm     .   (no cloak)
rCorr   .          Rampage  .   (no gloves)
Will    .....                   (no boots)
Stlth   ++........              (no amulet)
HPRegen 0.08/turn               (no ring)
MPRegen 0.08/turn               (no ring)

@: lethally poisoned (0 -> -2), very slightly contaminated
A: sharp scales 1
a: Renounce Religion, Unearth Wretches


You were on level 2 of the Dungeon.
You worshipped Kikubaaqudgha.
Kikubaaqudgha was pleased with you.
You visited 1 branch of the dungeon, and saw 2 of its levels.

You collected 46 gold pieces.

Inventory:

Hand Weapons
 a - a +0 mace (weapon)
Armour
 b - a +0 robe (worn)
 d - a +0 scale mail
Scrolls
 g - a scroll of identify {unknown}
 i - a scroll of enchant weapon {unknown}
 j - a scroll of enchant armour {unknown}
Potions
 c - 2 potions of ambrosia
 e - a potion of heal wounds {unknown}
 f - 3 potions of curing {unknown}
 h - a potion of berserk rage {unknown}


   Skills:
 + Level 3.2 Fighting
 + Level 2.9 Maces & Flails
 + Level 2.9 Dodging
 + Level 2.1 Stealth


You couldn't memorise any spells.
You knew the following spells:

 Your Spells              Type           Power      Damage    Failure   Level
a - Necrotize             Necr           0%         1d4       34%         1

Your spell library contained the following spells:

 Spells                   Type           Power      Damage    Failure   Level
 Sublimation of Blood     Necr           0%         N/A       47%         2
 Vampiric Draining        Necr           0%         2d6       71%         3
 Anguish                  Hex/Necr       0%         N/A       98%         4


Dungeon Overview and Level Annotations

Branches:
Dungeon (2/15)

Altars:
Kikubaaqudgha

Shops:
D:1 ?


Innate Abilities, Weirdness & Mutations

You are partially covered in razor-sharp scales. (AC +1, Slay +1)


Message History

Confirm with . or Enter, or press ? or * to list all spells.
Aiming: Necrotize (safe; 34% risk of failure)
Press: ? - help, Shift-Dir - straight line, f - adder
Aim: an adder (severely wounded, chance to affect: 41%)
You miscast Necrotize.
You are very lightly contaminated with residual magic.
Nothing appears to happen.
You feel very sick. The adder misses you. The hobgoblin barely misses you.
Casting: Necrotize (safe; 34% risk of failure)
Confirm with . or Enter, or press ? or * to list all spells.
Aiming: Necrotize (safe; 34% risk of failure)
Press: ? - help, Shift-Dir - straight line, f/p - adder
Aim: an adder (severely wounded, chance to affect: 41%)
The adder resists with some effort.
You feel very sick. The adder barely misses you. The hobgoblin hits you.
The adder bites you but does no damage.
You closely miss the adder.
The adder is severely wounded.
You feel sick.
The hobgoblin hits you but does no damage.
The adder misses you. The hobgoblin hits you.
* * * LOW HITPOINT WARNING * * *
You hit the adder.
The adder is almost dead.
You feel sick. The adder bites you.
* * * LOW HITPOINT WARNING * * *
The adder closely misses you. The hobgoblin closely misses you.
You closely miss the adder.
The adder is almost dead.
* * * LOW HITPOINT WARNING * * *
You feel sick. The adder barely misses you. The hobgoblin hits you.
* * * LOW HITPOINT WARNING * * *
The adder closely misses you.
You hit the adder.
You kill the adder!
Kikubaaqudgha accepts your kill.
You die...
Kikubaaqudgha rasps: "You have failed me!
Welcome... death!"

#...# #<..# #######
#...# ....... #...#
....... #...# .......
#...# ....... #.g.#
.......
##@..##>......
#.........#
###########....##.#.#
#<..............#.#
###########.###.#.#
#.###.#.# #.....#.#
#######.# .#


You could see a hobgoblin.

Vanquished Creatures
  An adder (D:2)
  A bat (D:1)
  An endoplasm (D:1)
  2 giant cockroaches (D:1)
  2 goblins (D:1)
  2 hobgoblins (D:1)
  A kobold (D:1)
  A quokka (D:1)
  2 frilled lizards (D:1)
  3 rats (D:1)
16 creatures vanquished.

Vanquished Creatures (others)
  2 fungi (D:1)
2 creatures vanquished.

Grand Total: 18 creatures vanquished

Notes
Turn   | Place    | Note
-------+----------+-------------------------------------------
     0 | D:1      | vulpzor the Demonspawn Monk began the quest for the Orb.
     0 | D:1      | Reached XP level 1. HP: 18/18 MP: 1/1
    19 | D:1      | Found Kutukad's Magic Scroll Shop.
   362 | D:1      | Found a faded altar of an unknown god.
   383 | D:1      | Prayed at the altar of an unknown god.
   383 | D:1      | Became a worshipper of Kikubaaqudgha
   383 | D:1      | Reached * piety under Kikubaaqudgha
   383 | D:1      | Received a gift from Kikubaaqudgha
   383 | D:1      | Reached ** piety under Kikubaaqudgha
   535 | D:1      | Gained mutation: You are partially covered in razor-sharp
                  | scales. (AC +1, Slay +1) [demonic ancestry]
   535 | D:1      | Reached XP level 2. HP: 24/24 MP: 2/2
   947 | D:1      | Learned a level 1 spell: Necrotize
  1425 | D:2      | HP: 1/24 [hobgoblin (2)]
  1426 | D:2      | Succumbed to an adder's poison

Illustrated notes

Levels and vault maps discovered:
D:1:      psy_arrival_basics, layout_basic, shapermc_ecumenical_altar_ellora,
          serial_shops, nicolae_shop_advertising_works
          [nicolae_subvault_shop_adworks], nrook_campfire
D:2:      layout_basic

Skill      XL: |  1 |
---------------+----+-----
Stealth        | 2 |  2.1
Fighting       | |  3.2
Maces & Flails | |  2.9
Dodging        | |  2.9

Action                   || total
-------------------------++-------
Melee: Mace              ||    64
 Cast: Necrotize         ||     1
  Use: Scroll            ||     1
 Stab: Sleeping          ||     3
Armor: Scale mail        ||    15
       Robe              ||    15
Dodge: Dodged            ||    53

Table legend: (Time is in decaauts)
 A = Elapsed time spent in this place.
 B = Non-inter-level travel time spent in this place.
 C = Inter-level travel time spent in this place.
 D = Time resting spent in this place.
 E = Time spent auto-exploring this place.
 F = Levels seen in this place.
 G = Mean time per level.
                   A        B        C        D        E       F      G
               +--------+--------+--------+--------+--------+-----+--------+
         Total |   1442 |   1442 |      0 |      0 |   1116 |   2 |  721.0 |
       Dungeon |   1442 |   1442 |      0 |      0 |   1116 |   2 |  721.0 |
               +--------+--------+--------+--------+--------+-----+--------+

Top non-repeatable levels by time:
     D:1: 1399 daAuts
     D:2: 43 daAuts
